 Dungeon Crawl Stone Soup version 0.30-a0-377-g5cb311bc9f (webtiles) character file.

Game seed: 13093989075213433860

764 ytrimaz the Trooper (level 8, 0/61 HPs)
             Began as a Djinni Gladiator on Nov 30, 2022.
             Slain by a gnoll
             ... wielding a +0 scythe
              (4 damage)
             ... on level 4 of the Dungeon.
             The game lasted 00:06:09 (4197 turns).

ytrimaz the Trooper (Djinni Gladiator)              Turns: 4197, Time: 00:06:10

Health: 0/61       AC: 15    Str: 13    XL:     8   Next: 8%
Gold:   261        EV: 26    Int: 12    God:
                   SH:  0    Dex: 15

rFire   + . .      SeeInvis .    a - +1 long sword
rCold   . . .      Faith    .    (no shield)
rNeg    . . .      Spirit   .    k - +4 ring mail
rPois   ∞          Reflect  .    c - +0 helmet
rElec   .          Harm     .    f - +0 cloak
rCorr   .          Rampage  .    (no gloves)
Will    .....                    (boots unavailable)
Stlth   +.........               y - amulet of the acrobat
HPRegen 0.30/turn                i - ring of ice
MPRegen 0.00/turn                v - +4 ring of protection

@: acrobatic, flying, studying Throwing
A: sickness immunity, fire resistance 2, cold vulnerability 1, float, innate
caster, HP casting, extra vitality 1
a: no special abilities


You were on level 4 of the Dungeon.
You visited 1 branch of the dungeon, and saw 4 of its levels.
You also visited: Sewer.

You collected 261 gold pieces.


Innate Abilities, Weirdness & Mutations

You are immune to sickness and miasma.
You are immune to poison.
Your flesh is very heat resistant. (rF++)
You are vulnerable to cold. (rC-)
You float through the air rather than walking.
You learn spells naturally, not from books.
Your magical power is your life essence.
You have superior vitality. (+4 MHP)


   Skills:
 + Level 6.2 Fighting
 + Level 6.0 Long Blades
 - Level 1.5 Throwing
 - Level 3.2 Dodging


You had one spell level left.
You knew the following spells:

 Your Spells              Type           Power      Damage    Failure   Level
a - Necrotise             Necr           0%         1d4       58%         1
b - Static Discharge      Conj/Air       0%         2-2/arc   73%         2
c - Frozen Ramparts       Ice            0%         1d1       91%         3
Your spell library was empty.

Inventory:

Hand Weapons
 a - a +1 long sword (weapon)
Missiles
 d - 3 throwing nets (quivered)
 e - a javelin
Armour
 c - a +0 helmet (worn)
 f - a +0 cloak (worn)
   (You found it on level 2 of the Dungeon)
 k - a +4 ring mail (worn)
   (You found it on level 1 of the Dungeon)
Jewellery
 i - a ring of ice (left hand)
   (You found it on level 1 of the Dungeon)
 v - a +4 ring of protection (right hand)
   (You found it on level 4 of the Dungeon)
 y - an amulet of the acrobat (around neck)
   (You found it on level 4 of the Dungeon)
Wands
 m - a wand of light (6)
   (You found it on level 2 of the Dungeon)
 r - a wand of mindburst (22)
   (You found it on level 4 of the Dungeon)
Scrolls
 b - 4 scrolls of teleportation
 o - a scroll of enchant weapon
 t - a scroll of poison
 u - a scroll of enchant armour
 w - a scroll of brand weapon {unknown}
 A - a scroll of fear {unknown}
Potions
 g - 3 potions of haste
 h - a potion of berserk rage
 j - 2 potions of mutation
 l - 3 potions of curing
 n - a potion of invisibility {unknown}
 p - 2 potions of might
 q - a potion of magic {unknown}
 s - 2 potions of heal wounds {unknown}
 x - a potion of degeneration {unknown}
 z - a potion of attraction {unknown}

Dungeon Overview and Level Annotations

Branches:
Dungeon (4/15) Zot: 20457   Sewer (visited)
 Temple: D:4-7

Altars:
Elyvilon
Fedhas

Annotations:
D:4 2 runed translucent doors, qeuew's ghost, novice TeCj

...#...######.#
...##........## ##
#..###........####### .###
#..# #.....#........#
##.#.#
#..###.#..####...####
.....
#...##.##.###..).#####...#
.....#.#..#...##.#.g#....#
.............###)#.g'....#
.............# #@# #....#
........###..###g####g...#
...####..##.?.#.g........#
..## ##.###.............#
.## ##..##...........##.#
## .##
###......###......## #.#.#
..###...##..## #.....##
#.. ......#####.## #.....#
##.. .#...## #..###..#..##
#.#


You could see 2 gnolls.


Message History

The gnoll hits you from afar with a +0 scythe. 😮 HP[-4]
You take 4 damage, and now have 41/61 hp.
You hit the gnoll. The gnoll barely misses you.
The gnoll closely misses you. 😮 HP[+1]
You are too injured to fight recklessly!
You slash the gnoll!
You kill the gnoll!
The gnoll closely misses you.
The gnoll hits you from afar with a +0 scythe.
Your Long Blades skill increases to level 6! 😮 HP[-3]
You take 3 damage, and now have 39/61 hp.
You are too injured to fight recklessly!
The gnoll barely misses you. The gnoll misses you.
The gnoll hits you but does no damage. The gnoll completely misses you.
Things that are here:
a +0 scythe; a +0 robe You hit the gnoll.
The gnoll hits you but does no damage. x3
The gnoll misses you. 😮 HP[+1] Unknown command.
You are too injured to fight recklessly!
You hit the gnoll. Your punch misses the gnoll. The gnoll closely misses you.
The gnoll barely misses you. x2; The gnoll hits you but does no damage.
You are too injured to fight recklessly!
You barely miss the gnoll. The gnoll barely misses you.
The gnoll hits you with a +0 scythe.
The gnoll hits you but does no damage. x2 😮 HP[-3]
You take 3 damage, and now have 37/61 hp.
The gnoll attacks as you move away! The gnoll hits you with a +0 scythe.
The gnoll completely misses you. 😮 HP[-2]
You take 2 damage, and now have 35/61 hp.
The gnoll barely misses you. 😮 HP[+1]
The gnoll closely misses you. The gnoll barely misses you.
The gnoll misses you.
You slash the gnoll! The gnoll misses you. The gnoll hits you with a +0 scythe.
The gnoll misses you. 😮 HP[-3]
You take 3 damage, and now have 33/61 hp.
You closely miss the gnoll. The gnoll barely misses you. x2
The gnoll hits you from afar with a +0 scythe. 😮 HP[-2]
You take 2 damage, and now have 31/61 hp.
You slash the gnoll!
You kill the gnoll!
The gnoll hits you with a +0 scythe!
* * * LOW HITPOINT WARNING * * *
The gnoll closely misses you. 😨 HP[-11]
You take 11 damage, and now have 20/61 hp.
The gnoll attacks as you move away! The gnoll hits you but does no damage.
The gnoll closely misses you.
Things that are here:
a +0 scythe; a +0 robe The gnoll barely misses you.
The gnoll completely misses you. 😨 HP[+1]
You hit the gnoll but do no damage. The gnoll misses you.
The gnoll barely misses you.
You barely miss the gnoll. The gnoll closely misses you.
The gnoll barely misses you.
You closely miss the gnoll. The gnoll misses you.
The gnoll closely misses you. 😨 HP[+1]
You hit the gnoll.
You kill the gnoll!
The gnoll hits you but does no damage.
The gnoll hits you from afar with a +0 scythe.
* * * LOW HITPOINT WARNING * * *
😨 HP[-2]
You take 2 damage, and now have 20/61 hp.
The gnoll closely misses you. The gnoll completely misses you.
Things that are here:
a +0 scythe; a +0 robe; a gnoll corpse You hit the gnoll.
The gnoll misses you. The gnoll barely misses you. 😨 HP[+1]
You closely miss the gnoll. The gnoll misses you. The gnoll closely misses you.
You barely miss the gnoll. The gnoll hits you with a +0 scythe.
* * * LOW HITPOINT WARNING * * *
The gnoll closely misses you. 😨 HP[-2]
You take 2 damage, and now have 19/61 hp.
You hit the gnoll but do no damage. The gnoll barely misses you.
The gnoll hits you but does no damage. 😨 HP[+1]
You slash the gnoll! The gnoll hits you with a +0 scythe.
* * * LOW HITPOINT WARNING * * *
The gnoll hits you from afar with a +0 scythe.
* * * LOW HITPOINT WARNING * * *
😱 HP[-7]
You take 7 damage, and now have 13/61 hp.
You slash the gnoll!
You kill the gnoll!
The gnoll hits you from afar with a +0 scythe!
* * * LOW HITPOINT WARNING * * *
😱 HP[-10]
You take 10 damage, and now have 3/61 hp.
The gnoll hits you from afar with a +0 scythe.
You die...

Skill      XL: |  1  2  3  4  5  6  7  8 |
---------------+-------------------------+-----
Long Blades    | 3 4 5 6 |  6.0
Fighting       | 3 4 5 6 |  6.2
Throwing       | |  1.5
Dodging        | |  3.2

Action                   |  1- 3 |  4- 6 |  7- 9 || total
-------------------------+-------+-------+-------++-------
Melee: Long sword        |    73 |   168 |   117 ||   358
       Punch             |     1 |     2 |     1 ||     4
  Use: Scroll            |     6 |     4 |     4 ||    14
       Potion            |       |     1 |     4 ||     5
Armor: Leather armour    |    15 |       |       ||    15
       Ring mail         |    19 |    99 |   101 ||   219
Dodge: Dodged            |    51 |   154 |   162 ||   367

Levels and vault maps discovered:
D:1:      lightli_molten_gateway, layout_loops_ring, minmay_pentomino_r2
D:2:      layout_rooms, basic_altar, grunt_ministairs_14, grunt_decor_cap,
          roderic_st_hans_cross, minmay_fractal_squares_gapless_5
D:3:      layout_basic, minmay_pentangle
D:4:      layout_layer_cave, mainiacjoe_overflow_six_doors_small,
          ebering_ghost_sewer_f, lightli_sewer_entry_pipes, sigmund_army,
          uniq_crazy_yiuf_cottage

Notes
Turn   | Place    | Note
-------+----------+-------------------------------------------
     0 | D:1      | ytrimaz the Djinni Gladiator began the quest for the Orb.
     0 | D:1      | Reached XP level 1. HP: 18/18 MP: 0/0
     0 | D:1      | magus.rc [v1.9.6]
   249 | D:1      | Reached skill level 3 in Long Blades
   249 | D:1      | Reached XP level 2. HP: 20/24 MP: 0/0
   769 | D:2      | Reached XP level 3. HP: 23/29 MP: 0/0
   769 | D:2      | Learned a level 1 spell: Necrotise
   849 | D:2      | Reached skill level 3 in Fighting
   851 | D:2      | Found a white marble altar of Elyvilon.
  1221 | D:2      | Reached XP level 4. HP: 33/35 MP: 0/0
  1875 | D:3      | Reached XP level 5. HP: 40/40 MP: 0/0
  1875 | D:3      | Learned a level 2 spell: Static Discharge
  1877 | D:3      | Reached skill level 4 in Long Blades
  1907 | D:3      | You are sucked into a shaft and drop 1 floor!
  1933 | D:4      | Reached skill level 4 in Fighting
  1991 | D:4      | Found a glowing drain.
  2005 | D:4      | Noticed a black bear
  2026 | D:4      | Killed a black bear
  2027 | D:4      | Reached XP level 6. HP: 42/48 MP: 0/0
  2044 | Sewer    | Entered a sewer
  2281 | Sewer    | Reached skill level 5 in Fighting
  2281 | Sewer    | Reached skill level 5 in Long Blades
  2398 | Sewer    | Reached XP level 7. HP: 52/54 MP: 0/0
  2398 | Sewer    | Learned a level 3 spell: Frozen Ramparts
  2438 | Sewer    | HP: 20/81 [bullfrog (4)]
  2443 | Sewer    | HP: 10/81 [bullfrog (2)]
  2443 | Sewer    | HP: 3/81 [bullfrog (7)]
  2448 | Sewer    | HP: 13/54 [bullfrog (1)]
  2461 | Sewer    | HP: 13/54 [bullfrog (1)]
  3713 | D:4      | Found a runed translucent door.
  3715 | D:4      | Noticed qeuew's ghost (novice TeCj)
  3733 | D:4      | Found a runed translucent door.
  3815 | D:4      | Found a blossoming altar of Fedhas.
  3856 | D:4      | Reached skill level 6 in Fighting
  3941 | D:4      | Reached XP level 8. HP: 59/61 MP: 0/0
  4171 | D:4      | Reached skill level 6 in Long Blades
  4195 | D:4      | HP: 13/61 [gnoll/+0 scythe (4)]
  4196 | D:4      | HP: 3/61 [gnoll/+0 scythe (10)]
  4197 | D:4      | Slain by a gnoll

Vanquished Creatures
  2 black bears (D:4)
  A bullfrog (Sewer)
  3 hounds
  2 jellies
  An iguana (D:4)
  7 gnolls
  10 river rats
  11 adders
  2 worms
  2 dart slugs
  An orc (D:3)
  15 ball pythons
  3 bats
  7 endoplasms
  4 goblins
  4 hobgoblins
  6 frilled lizards
  4 kobolds
  19 rats
104 creatures vanquished.

Table legend:
 A = Non-vault XP
 B = Vault XP
 C = Vault XP percentage of total XP
 D = Non-vault monster count
 E = Vault monster count
 F = Vault count percentage of total count
                 A         B        C        D         E       F
            +---------+---------+-------+---------+---------+-------
      Total |     623 |     469 |  42.9 |      47 |      57 |  54.8
            +---------+---------+-------+---------+---------+-------
        D:1 |      18 |       3 |  14.3 |      11 |       2 |  15.4
        D:2 |      39 |      23 |  37.1 |      14 |       6 |  30.0
        D:3 |      83 |      44 |  34.6 |       9 |       2 |  18.2
        D:4 |     483 |     113 |  19.0 |      13 |       9 |  40.9
      Sewer |       0 |     286 | 100.0 |       0 |      38 | 100.0
            +---------+---------+-------+---------+---------+-------

Illustrated notes

Table legend:
 A = Kills in this place as a percentage of kills in entire the game.
 B = Kills by you in this place as a percentage of kills by you in the entire game.
 C = Kills by friends in this place as a percentage of kills by friends in the entire game.
 D = Other kills in this place as a percentage of other kills in the entire game.
 E = Experience gained in this place as a percentage of experience gained in the entire game.
 F = Experience gained in this place divided by the number of levels of this place that you have seen.
                   A       B       C       D       E      F
               +-------+-------+-------+-------+-------+----------------------
         Total | 100.0 | 100.0 |   N/A |   N/A | 100.0 | 218.4
       Dungeon |  63.5 |  63.5 |   N/A |   N/A |  73.8 | 201.5
         Sewer |  36.5 |  36.5 |   N/A |   N/A |  26.2 | 286.0
               +-------+-------+-------+-------+-------+----------------------

Table legend: (Time is in decaauts)
 A = Elapsed time spent in this place.
 B = Non-inter-level travel time spent in this place.
 C = Inter-level travel time spent in this place.
 D = Time resting spent in this place.
 E = Time spent auto-exploring this place.
 F = Levels seen in this place.
 G = Mean time per level.
                   A        B        C        D        E       F      G
               +--------+--------+--------+--------+--------+-----+--------+
         Total |   4278 |   4161 |    117 |    344 |   2808 |   5 |  855.6 |
       Dungeon |   3541 |   3424 |    117 |     93 |   2559 |   4 |  885.2 |
         Sewer |    737 |    737 |      0 |    251 |    249 |   1 |  737.0 |
               +--------+--------+--------+--------+--------+-----+--------+

Top non-repeatable levels by time:
     D:4: 1491 daAuts
   Sewer: 737 daAuts
     D:1: 727 daAuts
     D:2: 699 daAuts
     D:3: 622 daAuts
